[Event "ICC tourney 2848 (40 10)"]
[Site "Internet Chess Club"]
[Date "2022.03.12"]
[Round "2"]
[White "PULIJALA, AKSHAJ:akshajp"]
[Black "Doan Giang, Nguyen Doan:Doctorstrange04"]
[Result "1/2-1/2"]
[ICCResult "Game drawn by the 50 move rule"]
[WhiteElo "1536"]
[BlackElo "1839"]
[Opening "Queen's pawn game"]
[ECO "D00"]
[NIC "QP.07"]
[Time "13:15:35"]
[PlyCount "264"]
[TimeControl "2400+10"]

1. d4 Nf6 2. Nc3 d5 3. Bf4 c6 4. e3 Bf5 5. Bd3 Bg6 6. Nf3 e6 7. a3 Bd6 8.
Qd2 Bxf4 9. exf4 Nbd7 10. Ne5 Qb6 11. Bxg6 hxg6 12. O-O-O Qc7 13. Nxd7 Nxd7
14. g4 O-O-O 15. h4 Kb8 16. Kb1 Nf6 17. f3 Rh7 18. Rh3 Rdh8 19. Rdh1 Ne8 20.
Qe3 Nd6 21. b3 Qe7 22. Qe5 f6 23. Qe3 Nf7 24. Kb2 Re8 25. Re1 Qc7 26. Qd2 g5
27. f5 gxh4 28. Qf2 Ng5 29. Rhh1 Qf4 30. Rxh4 Rxh4 31. Qxh4 Qxd4 32. Qh5 Re7
33. Qh8+ Kc7 34. Qf8 Qc5 35. f4 Ne4 36. Nxe4 dxe4 37. Rxe4 e5 38. fxe5 fxe5
39. g5 Qd6 40. f6 gxf6 41. gxf6 Rd7 42. Qg8 Qxf6 43. Qc4 Rd4 44. Rxd4 exd4
45. c3 Qf2+ 46. Kc1 Qe1+ 47. Kc2 Qe4+ 48. Kc1 Qe3+ 49. Kc2 Qxc3+ 50. Qxc3
dxc3 51. Kxc3 Kd6 52. Kd4 b5 53. b4 c5+ 54. bxc5+ Kc6 55. Kc3 Kxc5 56. Kd3
Kb6 57. Kd4 Ka5 58. Kc3 Ka4 59. Kb2 a6 60. Ka2 a5 61. Kb2 b4 62. axb4 axb4
63. Ka2 Ka5 64. Kb3 Kb5 65. Kb2 Kc6 66. Kb3 Kc5 67. Kb2 Kc4 68. Kc2 Kc5 69.
Kb3 Kb5 70. Kb2 Ka5 71. Kb3 Kb5 72. Kb2 Ka4 73. Ka2 Kb5 74. Kb3 Kc5 75. Kb2
Kc6 76. Kb3 Kb5 77. Kb2 Kc5 78. Kb3 Kb5 79. Kb2 Kc4 80. Kc2 b3+ 81. Kb2 Kb4
82. Kb1 Kb5 83. Kb2 Ka4 84. Kb1 Ka3 85. Ka1 Ka4 86. Kb2 Kb4 87. Kb1 Kc5 88.
Kb2 Kc4 89. Kb1 Kd3 90. Kb2 Kc4 91. Kb1 Kc3 92. Kc1 Kb4 93. Kb2 Ka4 94. Kb1
Ka5 95. Kb2 Kb4 96. Kb1 Kc3 97. Kc1 Kb4 98. Kb2 Ka4 99. Kb1 Ka3 100. Ka1 Kb4
101. Kb2 Ka4 102. Kb1 Kb4 103. Kb2 Kc4 104. Kb1 Kb5 105. Kb2 Kb4 106. Kb1
Kc3 107. Kc1 Kb4 108. Kb2 Ka4 109. Kb1 Ka3 110. Ka1 Kb4 111. Kb2 Kc4 112.
Kb1 Kd5 113. Kb2 Kc4 114. Kb1 Kc5 115. Kb2 Kb4 116. Kb1 Kc4 117. Kb2 Kb4
118. Kb1 Ka3 119. Ka1 Ka4 120. Kb2 Kb4 121. Kb1 Kc4 122. Kb2 Kb4 123. Kb1
Kb5 124. Kb2 Kc4 125. Kb1 Kd3 126. Kb2 Kc4 127. Kb1 Kc3 128. Kc1 Kd3 129.
Kb2 Kc4 130. Kb1 Kd4 131. Kb2 Kc4 132. Kb1 Kb4 {Game drawn by the 50 move
rule} 1/2-1/2

[Event "ICC tourney 2848 (40 10)"]
[Site "Internet Chess Club"]
[Date "2022.03.12"]
[Round "2"]
[White "Mason, Mike W:MikeWMason"]
[Black "SEBBA, AMITAI:Amitai"]
[Result "0-1"]
[ICCResult "White forfeits on time"]
[WhiteElo "1500"]
[BlackElo "1705"]
[Opening "Sicilian: Smith-Morra gambit"]
[ECO "B21"]
[NIC "SI.48"]
[Time "13:15:18"]
[PlyCount "56"]
[TimeControl "2400+10"]

1. e4 c5 2. d4 cxd4 3. c3 d3 4. Bxd3 d6 5. Nf3 Nc6 6. O-O Bg4 7. Nbd2 Nf6 8.
Qb3 Qc7 9. Ng5 e6 10. f3 Bh5 11. Nh3 Be7 12. Nf4 Bg6 13. Nc4 d5 14. Ne3 dxe4
15. Bc4 exf3 16. Rxf3 Be4 17. Rg3 Qxf4 18. Rxg7 Bc5 19. Qxb7 Ne7 20. Qb5+
Kf8 21. Qxc5 Kxg7 22. Qxe7 Ng4 23. Qh4 h5 24. Nd5 Qd6 25. Qg5+ Bg6 26. Nf4
Qb6+ 27. Kh1 Nf2+ 28. Kg1 Nh3+ {White forfeits on time} 0-1

[Event "ICC tourney 2848 (40 10)"]
[Site "Internet Chess Club"]
[Date "2022.03.12"]
[Round "2"]
[White "ZHUGE, KATHERINE:FlowingMelody"]
[Black "SARAFUDINOV, ANDREY:whyyoutrysohard"]
[Result "0-1"]
[ICCResult "White checkmated"]
[WhiteElo "1359"]
[BlackElo "1535"]
[Opening "Sicilian: dragon, Yugoslav attack, 9...Bd7"]
[ECO "B77"]
[NIC "SI.18"]
[Time "13:15:35"]
[PlyCount "74"]
[TimeControl "2400+10"]

1. e4 c5 2. Nf3 d6 3. d4 cxd4 4. Nxd4 Nf6 5. Nc3 g6 6. Be3 Bg7 7. f3 O-O 8.
Qd2 Nc6 9. Bc4 Bd7 10. Bb3 Rc8 11. O-O-O Ne5 12. Kb1 Nc4 13. Bxc4 Rxc4 14.
g4 b5 15. h4 b4 16. Nce2 a5 17. h5 e5 18. Nb3 a4 19. Nbc1 Qc8 20. hxg6 fxg6
21. Bh6 Bxh6 22. Rxh6 Be6 23. Rdh1 Rf7 24. Ng3 Rfc7 25. R1h2 Rd4 26. Qe3
Rdc4 27. Qe2 Bxg4 28. R6h4 Be6 29. Rg2 R4c6 30. Qd2 b3 31. c3 bxa2+ 32. Nxa2
a3 33. Ka1 axb2+ 34. Qxb2 Ra6 35. Qc1 Rxc3 36. Qf1 Rc1+ 37. Kb2 Rxa2#
{White checkmated}
0-1

[Event "ICC tourney 2848 (40 10)"]
[Site "Internet Chess Club"]
[Date "2022.03.12"]
[Round "2"]
[White "RAM, JWALANTHI:jwalanthiram"]
[Black "GOVINDARAJULA, PRANAY SIDDHARTH:K06-17345554"]
[Result "0-1"]
[ICCResult "White checkmated"]
[WhiteElo "1446"]
[BlackElo "1543"]
[Opening "Sicilian: Najdorf, Opocensky variation"]
[ECO "B92"]
[NIC "SI.10"]
[Time "13:15:22"]
[PlyCount "132"]
[TimeControl "2400+10"]

1. e4 c5 2. Nf3 d6 3. d4 cxd4 4. Nxd4 Nf6 5. Nc3 a6 6. Be2 e5 7. Nf3 Be7 8.
Be3 Nbd7 9. Qd2 b5 10. a3 Bb7 11. Bd3 Nb6 12. h3 Nc4 13. Qc1 Qc7 14. O-O O-O
15. Bg5 Rac8 16. Bxf6 Bxf6 17. Ne2 d5 18. Ng3 g6 19. Rb1 Bg7 20. exd5 Bxd5
21. b3 Bxf3 22. gxf3 Nb6 23. Qd2 Rfd8 24. Qe2 Nd5 25. Qe1 Nf4 26. Qb4 Qd7
27. Rfd1 Qxh3 28. Bf1 Qe6 29. c4 Bf8 30. Qe1 bxc4 31. Bxc4 Qc6 32. Qe3 Bc5
33. Qe4 Rxd1+ 34. Rxd1 Qb6 35. Nh1 Bxf2+ 36. Kf1 Bd4 37. Ng3 Bg1 38. Nh1 Nh5
39. Qg4 Rxc4 40. bxc4 Bd4 41. Qc8+ Kg7 42. Qg4 Qb2 43. Qg2 Qb3 44. Re1 Nf4
45. Qd2 Qxc4+ 46. Re2 Nxe2 47. Qxe2 Qc1+ 48. Kg2 Qg1+ 49. Kh3 Qxh1+ 50. Kg3
Qg1+ 51. Kh3 Qe3 52. Qxa6 Qxf3+ 53. Kh2 Bf2 54. Qf1 Qg3+ 55. Kh1 Qf3+ 56.
Kh2 Bg3+ 57. Kg1 Bh2+ 58. Kxh2 Qxf1 59. a4 Kh6 60. a5 Kg5 61. a6 Qxa6 62.
Kh3 Qd3+ 63. Kh2 Kg4 64. Kh1 Qe2 65. Kg1 Kh3 66. Kh1 Qg2# {White checkmated}
0-1

[Event "ICC tourney 2848 (40 10)"]
[Site "Internet Chess Club"]
[Date "2022.03.12"]
[Round "2"]
[White "QI, JENNY:eevee11"]
[Black "VALE CRUZ, ARMIN:trucker"]
[Result "0-1"]
[ICCResult "White checkmated"]
[WhiteElo "1402"]
[BlackElo "1628"]
[Opening "Ruy Lopez: Berlin defense, Beverwijk variation"]
[ECO "C65"]
[NIC "RL.07"]
[Time "13:15:25"]
[PlyCount "146"]
[TimeControl "2400+10"]

1. e4 e5 2. Nf3 Nc6 3. Bb5 Nf6 4. O-O Bc5 5. d3 d6 6. c3 O-O 7. h3 Bb6 8.
Nbd2 Ne7 9. Ba4 c6 10. Re1 Ng6 11. Nf1 Nh5 12. d4 Nhf4 13. Bc2 Qf6 14. Ng3
h5 15. Be3 Rd8 16. Qd2 Be6 17. Ne2 Nxh3+ 18. Kh2 Nhf4 19. Neg1 Bg4 20. g3
Ne6 21. Kg2 h4 22. d5 h3+ 23. Kh2 Bxe3 24. Qxe3 Nc7 25. dxc6 bxc6 26. Qg5
Bxf3 27. Qxf6 gxf6 28. Nxf3 Rab8 29. b3 Kg7 30. Kxh3 a5 31. Kg2 a4 32. Rh1
axb3 33. axb3 Ra8 34. Rhd1 Rxa1 35. Rxa1 Ra8 36. Rxa8 Nxa8 37. Nd2 Nb6 38.
Bd3 d5 39. exd5 Nxd5 40. c4 Ndf4+ 41. gxf4 Nxf4+ 42. Kf3 Nxd3 43. Ke3 Nb4
44. Nf3 Kf8 45. Kd2 Ke7 46. Kc3 c5 47. Nd2 f5 48. Nf3 f6 49. Nh4 Ke6 50. Kd2
Nc6 51. Kc3 e4 52. f3 Ne5 53. fxe4 fxe4 54. b4 cxb4+ 55. Kxb4 f5 56. Ng2
Nd3+ 57. Kc3 Ke5 58. Kd2 f4 59. Nh4 Kd4 60. Ke2 Kxc4 61. Nf5 Ne5 62. Nh4 Ng4
63. Ng6 f3+ 64. Ke1 Kd4 65. Nh4 Ke3 66. Kf1 Kf4 67. Ng6+ Kg3 68. Ne7 e3 69.
Nf5+ Kf4 70. Nd4 Ke4 71. Nc2 Nh2+ 72. Ke1 f2+ 73. Ke2 f1=Q# {White
checkmated} 0-1

[Event "ICC tourney 2848 (40 10)"]
[Site "Internet Chess Club"]
[Date "2022.03.12"]
[Round "3"]
[White "WILLY, STEPHEN:stephenwilly"]
[Black "PULIJALA, AKSHAJ:akshajp"]
[Result "1-0"]
[ICCResult "Black checkmated"]
[WhiteElo "1824"]
[BlackElo "1536"]
[Opening "Sicilian: Alapin's variation (2.c3)"]
[ECO "B22"]
[NIC "SI.46"]
[Time "15:31:17"]
[PlyCount "89"]
[TimeControl "2400+10"]

1. e4 c5 2. c3 Nc6 3. d4 cxd4 4. cxd4 d5 5. Nc3 e6 6. Nf3 Bb4 7. Bd3 dxe4 8.
Bxe4 Nf6 9. Bg5 h6 10. Bxf6 Qxf6 11. Qa4 Bxc3+ 12. bxc3 Bd7 13. Rb1 Rb8 14.
Bxc6 Bxc6 15. Qxc6+ bxc6 16. Rxb8+ Kd7 17. Rxh8 g5 18. Ne5+ Kd6 19. Rd8+ Kc7
20. Rd7+ Kc8 21. Rxf7 Qd8 22. Nc4 Qd5 23. Ne5 Qe4+ 24. Kd2 c5 25. Rc1 Qd5
26. Rc2 Kd8 27. Rd7+ Qxd7 28. Nxd7 Kxd7 29. Rb2 Kc6 30. Kd3 cxd4 31. cxd4
Kd5 32. Rb5+ Kd6 33. Ke4 Ke7 34. Ke5 Kd7 35. Rb7+ Kc6 36. Rxa7 Kb6 37. Re7
Kc6 38. Kxe6 g4 39. d5+ Kb5 40. d6 g3 41. hxg3 Kb4 42. d7 Ka3 43. d8=Q Ka4
44. Rb7 Ka3 45. Qa8# {Black checkmated} 1-0

[Event "ICC tourney 2848 (40 10)"]
[Site "Internet Chess Club"]
[Date "2022.03.12"]
[Round "3"]
[White "OPASKA, MICHAEL:mopaska1106"]
[Black "BLIZNIUK, STANISLAW:Sbliz20"]
[Result "0-1"]
[ICCResult "White resigns"]
[WhiteElo "1759"]
[BlackElo "1500"]
[Opening "QGD Slav: 3.Nf3"]
[ECO "D11"]
[NIC "SL.01"]
[Time "15:32:07"]
[PlyCount "68"]
[TimeControl "2400+10"]

1. d4 d5 2. c4 c6 3. Nf3 Nf6 4. g3 Bf5 5. Bg2 e6 6. O-O Bd6 7. Nbd2 h6 8. b3
O-O 9. Bb2 Nbd7 10. Ne5 Qe7 11. a3 a6 12. c5 Bc7 13. b4 Rfd8 14. h3 Nxe5 15.
dxe5 Nd7 16. f4 b6 17. cxb6 Bxb6+ 18. Kh2 c5 19. Qa4 cxb4 20. axb4 a5 21. b5
Qb4 22. Qxb4 axb4 23. e4 Rxa1 24. Rxa1 dxe4 25. Nxe4 Bxe4 26. Bxe4 Nc5 27.
Bg2 Rd2 28. Ra8+ Kh7 29. Bc1 Rc2 30. Be3 Nd7 31. Bxb6 Nxb6 32. Rb8 b3 33.
Rxb6 b2 34. Rc6 b1=Q {White resigns} 0-1

[Event "ICC tourney 2848 (40 10)"]
[Site "Internet Chess Club"]
[Date "2022.03.12"]
[Round "3"]
[White "HOSSAIN, AZHER:Azher2009"]
[Black "GOVINDARAJULA, PRANAY SIDDHARTH:K06-17345554"]
[Result "1/2-1/2"]
[ICCResult "Game drawn by mutual agreement"]
[WhiteElo "1807"]
[BlackElo "1543"]
[Opening "Old Benoni defense"]
[ECO "A46"]
[NIC "QP.06"]
[Time "15:31:14"]
[PlyCount "54"]
[TimeControl "2400+10"]

1. d4 Nf6 2. Nf3 c5 3. d5 e6 4. c4 d6 5. Nc3 Be7 6. e4 O-O 7. Be2 a6 8. a4
exd5 9. cxd5 Re8 10. O-O Nbd7 11. h3 Nf8 12. Be3 Rb8 13. Nd2 Ng6 14. a5 Bd7
15. Nc4 Bf8 16. Bd3 b5 17. axb6 Bb5 18. Qc2 Bxc4 19. Bxc4 Qxb6 20. b3 Ne5
21. Rxa6 Qb7 22. Raa1 Nxc4 23. bxc4 Qb3 24. Qxb3 Rxb3 25. Rfc1 Nxe4 26. Nxe4
Rxe4 27. Ra4 f5 {Game drawn by mutual agreement} 1/2-1/2

[Event "ICC tourney 2848 (40 10)"]
[Site "Internet Chess Club"]
[Date "2022.03.12"]
[Round "3"]
[White "LI, MASON JIN:K03-16739697"]
[Black "BIST, ATHARVA:Atharva10"]
[Result "0-1"]
[ICCResult "White resigns"]
[WhiteElo "1436"]
[BlackElo "1885"]
[Opening "Queen's pawn"]
[ECO "A40"]
[NIC "QP.05"]
[Time "15:31:19"]
[PlyCount "114"]
[TimeControl "2400+10"]

1. d4 e6 2. Bf4 Nf6 3. Nf3 d5 4. e3 Bd6 5. Bg3 O-O 6. c4 b6 7. Nc3 Bb7 8.
Rc1 Nbd7 9. Bxd6 cxd6 10. Nb5 Qe7 11. cxd5 Nxd5 12. Be2 Rfc8 13. O-O a6 14.
Nc3 b5 15. Qd2 N7b6 16. a3 Nxc3 17. bxc3 Bxf3 18. Bxf3 Ra7 19. Rb1 Rac7 20.
Rfc1 d5 21. Be2 g6 22. Bd1 Nc4 23. Qa2 Nxa3 24. Rb3 b4 25. Qb2 a5 26. g3 Rc6
27. Be2 R8c7 28. Kg2 Qf8 29. Bd3 Qc8 30. Kf3 Rxc3 31. Rcxc3 Rxc3 32. Rxc3
Qxc3 33. Qxc3 bxc3 34. Ke2 Kf8 35. Kd1 Ke7 36. Kc1 Kd7 37. Bc2 Nxc2 38. Kxc2
Kc6 39. Kxc3 Kb5 40. Kb3 a4+ 41. Kc3 a3 42. Kb3 a2 43. Kxa2 Kc4 44. Kb2 Kd3
45. Kc1 Ke2 46. f4 Kxe3 47. Kd1 Kf2 48. Kd2 Kg2 49. Ke2 h5 50. Ke3 Kxh2 51.
Kf2 f6 52. Kf3 g5 53. fxg5 fxg5 54. g4 h4 55. Kf2 h3 56. Kf1 Kg3 57. Kg1
Kxg4 {White resigns} 0-1

[Event "ICC tourney 2848 (40 10)"]
[Site "Internet Chess Club"]
[Date "2022.03.12"]
[Round "3"]
[White "JACKSON, MASSIMO MATEO:Yeetamus123"]
[Black "BONNELL, LEO W:bonnelleo1"]
[Result "1/2-1/2"]
[ICCResult "Game drawn by mutual agreement"]
[WhiteElo "1470"]
[BlackElo "1703"]
[Opening "French: Schlechter variation"]
[ECO "C01"]
[NIC "FR.01"]
[Time "15:31:19"]
[PlyCount "67"]
[TimeControl "2400+10"]

1. e4 e6 2. d4 d5 3. Bd3 dxe4 4. Bxe4 Nf6 5. Bf3 c5 6. Ne2 Nc6 7. c3 cxd4 8.
Nxd4 Nxd4 9. Qxd4 Qxd4 10. cxd4 Bb4+ 11. Bd2 Bxd2+ 12. Nxd2 O-O 13. O-O Rd8
14. Nb3 Rb8 15. Rfd1 b6 16. Rac1 Bb7 17. Bxb7 Rxb7 18. Rc4 Rbd7 19. h3 Kf8
20. Rdc1 Nd5 21. g3 Ne7 22. Rc7 Nf5 23. g4 Nd6 24. f3 Nb5 25. Rxd7 Rxd7 26.
Rc4 Ke7 27. Kf2 Rc7 28. Rxc7+ Nxc7 29. Ke3 Kd6 30. Ke4 Nd5 31. a3 Nf6+ 32.
Kd3 Kd5 33. Nd2 Nd7 34. Ne4 {Game drawn by mutual agreement} 1/2-1/2

[Event "ICC tourney 2848 (40 10)"]
[Site "Internet Chess Club"]
[Date "2022.03.12"]
[Round "3"]
[White "YU, AVERY:Averyyu321"]
[Black "Laido, Olivia:beibeiolivia"]
[Result "1-0"]
[ICCResult "Black checkmated"]
[WhiteElo "1672"]
[BlackElo "1464"]
[Opening "Giuoco Pianissimo"]
[ECO "C50"]
[NIC "IG.02"]
[Time "15:31:15"]
[PlyCount "81"]
[TimeControl "2400+10"]

1. e4 e5 2. Nf3 Nc6 3. Bc4 Bc5 4. d3 h6 5. O-O Nf6 6. Re1 O-O 7. Nbd2 d6 8.
c3 Be6 9. Bb3 Bb6 10. Nf1 Ne7 11. Ng3 Ng6 12. h3 Qd7 13. Nh2 Rfe8 14. Nh5
Qe7 15. Qf3 Nxh5 16. Qxh5 Rad8 17. Ng4 Bxg4 18. Qxg4 Qf6 19. Be3 c6 20. Bxb6
axb6 21. Re3 d5 22. exd5 cxd5 23. Rae1 Kh7 24. Rf3 Qe7 25. Qf5 Kg8 26. Rfe3
Qd6 27. f3 Qc6 28. Kf2 b5 29. d4 exd4 30. Rxe8+ Rxe8 31. Bxd5 Qc8 32. Qxf7+
Kh7 33. Rxe8 Qxe8 34. Qxe8 h5 35. cxd4 Kh6 36. Bg8 b4 37. Qe3+ Nf4 38. Qxf4+
Kg6 39. Bf7+ Kh7 40. Qf5+ Kh8 41. Qxh5# {Black checkmated} 1-0

[Event "ICC tourney 2848 (40 10)"]
[Site "Internet Chess Club"]
[Date "2022.03.12"]
[Round "3"]
[White "VALE CRUZ, ARMIN:trucker"]
[Black "Doan Giang, Nguyen Doan:Doctorstrange04"]
[Result "0-1"]
[ICCResult "White resigns"]
[WhiteElo "1628"]
[BlackElo "1839"]
[Opening "Sicilian defense"]
[ECO "B30"]
[NIC "SI.31"]
[Time "15:32:10"]
[PlyCount "136"]
[TimeControl "2400+10"]

1. e4 c5 2. Nf3 Nc6 3. c3 Nf6 4. e5 Nd5 5. d4 cxd4 6. cxd4 d6 7. Bc4 Nb6 8.
Bb5 dxe5 9. Nc3 exd4 10. Nxd4 Bd7 11. Be3 e5 12. Nf3 Be7 13. O-O O-O 14. a4
Be6 15. Qe2 f6 16. a5 Nd5 17. a6 Qc7 18. Rfc1 Nxe3 19. Qxe3 bxa6 20. Rxa6
Nd8 21. Nd5 Qb7 22. Rxe6 Nxe6 23. Bc6 Bc5 24. Rxc5 Qxb2 25. Qc1 Qxc1+ 26.
Rxc1 Rab8 27. g3 Rb2 28. Ra1 Rd8 29. Rxa7 Nd4 30. Nxd4 exd4 31. Ne7+ Kh8 32.
Be4 Re2 33. Bd3 Rd2 34. Ra3 g6 35. Nc6 Rd6 36. Ra8+ Kg7 37. Ra7+ Kh6 38. Bb5
Rb2 39. Ba4 d3 40. Ne7 Rd8 41. Nc6 Re8 42. Rd7 Re4 43. Ne7 Rxa4 44. h4 Ra8
45. Rxd3 Re2 46. Nd5 Rd8 47. g4 Re5 48. Nf4 Rxd3 49. Nxd3 Rd5 50. Ne1 f5 51.
g5+ Kh5 52. Ng2 Rd4 53. Kh2 Rxh4+ 54. Nxh4 Kxh4 55. Kg2 Kxg5 56. Kg3 f4+ 57.
Kf3 Kf5 58. Kg2 g5 59. f3 h5 60. Kh3 g4+ 61. fxg4+ hxg4+ 62. Kg2 Ke4 63. Kf2
g3+ 64. Ke2 f3+ 65. Kf1 Ke3 66. Kg1 f2+ 67. Kf1 g2+ 68. Kxg2 Ke2 {White
resigns} 0-1

[Event "ICC tourney 2848 (40 10)"]
[Site "Internet Chess Club"]
[Date "2022.03.12"]
[Round "3"]
[White "BRUDNO, STEPHEN:StevChess01"]
[Black "Mason, Mike W:MikeWMason"]
[Result "1-0"]
[ICCResult "Black resigns"]
[WhiteElo "1449"]
[BlackElo "1500"]
[Opening "QGD: Albin counter-gambit"]
[ECO "D08"]
[NIC "QG.02"]
[Time "15:31:51"]
[PlyCount "83"]
[TimeControl "2400+10"]

1. d4 d5 2. c4 e5 3. dxe5 d4 4. Nf3 Nc6 5. a3 a5 6. g3 Be7 7. Bg2 Be6 8.
Nbd2 Qd7 9. O-O Bh3 10. e6 Qxe6 11. Nb3 Bxg2 12. Kxg2 Qe4 13. Nxd4 Rd8 14.
e3 Ne5 15. b3 c5 16. Qc2 Rxd4 17. Qxe4 Rxe4 18. Bb2 Bf6 19. Nd2 Nxc4 20.
Nxe4 Bxb2 21. Ra2 b6 22. bxc4 Be5 23. f4 Bc7 24. Rd1 Ke7 25. Nc3 Nf6 26. Kf3
Rd8 27. Rxd8 Bxd8 28. Rd2 Bc7 29. Nd5+ Nxd5 30. Rxd5 g6 31. a4 f6 32. g4 Bb8
33. h4 h6 34. g5 hxg5 35. hxg5 fxg5 36. Rxg5 Kf6 37. Rd5 Ke7 38. Kg4 Ke6 39.
Kg5 b5 40. axb5 a4 41. Rd3 Bc7 42. Kxg6 {Black resigns} 1-0

[Event "ICC tourney 2848 (40 10)"]
[Site "Internet Chess Club"]
[Date "2022.03.12"]
[Round "3"]
[White "ERARD, ERIC CHRISTIAN:eric-erard"]
[Black "S.M, UMER:uncrackable"]
[Result "1-0"]
[ICCResult "Black resigns"]
[WhiteElo "1510"]
[BlackElo "1845"]
[Opening "King's Indian defense, 3.Nc3"]
[ECO "E61"]
[NIC "KI.80"]
[Time "15:31:20"]
[PlyCount "155"]
[TimeControl "2400+10"]

1. d4 Nf6 2. c4 g6 3. Nc3 Bg7 4. Nf3 O-O 5. Bg5 h6 6. Bh4 d6 7. e3 Nbd7 8.
Bd3 e5 9. O-O c6 10. Qc2 Qc7 11. d5 Nc5 12. Rac1 g5 13. Bg3 Qe7 14. Nd2 Nxd3
15. Qxd3 Nd7 16. e4 Nc5 17. Qc2 a5 18. a3 a4 19. f3 Qc7 20. Bf2 Qa5 21. Kh1
cxd5 22. cxd5 Bd7 23. Nc4 Qc7 24. Bxc5 Qxc5 25. Qd3 Rfc8 26. Ne3 Qb6 27. Rc2
Rc5 28. Rfc1 Rac8 29. Ncd1 Bf8 30. Rxc5 Rxc5 31. Rxc5 Qxc5 32. Qc3 Qb5 33.
Qc4 Qb6 34. Qb4 Qa6 35. Nc4 b5 36. Nce3 Qb6 37. Qc3 Be7 38. g4 Bd8 39. Kg2
Qa5 40. Qxa5 Bxa5 41. Kf2 b4 42. Nc4 bxa3 43. bxa3 Bc7 44. Nc3 Kf8 45. Ke2
Ke7 46. Kd3 Kd8 47. Nb2 Ba5 48. Nbxa4 Kc7 49. Kc4 Kb7 50. Nb5 Ka6 51. Nac3
Bxc3 52. Nxc3 Ka5 53. Kb3 Bc8 54. Nb1 Ba6 55. Nd2 Kb5 56. Nf1 Kc5 57. Ng3
Bc4+ 58. Kc3 Bb5 59. Nf5 Be2 60. Nxh6 Bxf3 61. Nxf7 Bxe4 62. Nxg5 Bxd5 63.
h4 Bg8 64. h5 d5 65. h6 d4+ 66. Kd3 Kd5 67. h7 e4+ 68. Kd2 Bxh7 69. Nxh7 Kc4
70. Nf6 e3+ 71. Ke2 Kc5 72. g5 Kd6 73. a4 Ke5 74. a5 Kf5 75. a6 Kxg5 76. Nd5
Kf5 77. Nxe3+ dxe3 78. a7 {Black resigns} 1-0

[Event "ICC tourney 2848 (40 10)"]
[Site "Internet Chess Club"]
[Date "2022.03.12"]
[Round "3"]
[White "SEBBA, AMITAI:Amitai"]
[Black "RAM, JWALANTHI:jwalanthiram"]
[Result "1-0"]
[ICCResult "Black checkmated"]
[WhiteElo "1705"]
[BlackElo "1446"]
[Opening "Sicilian: Smith-Morra gambit"]
[ECO "B21"]
[NIC "SI.48"]
[Time "15:31:23"]
[PlyCount "139"]
[TimeControl "2400+10"]

1. e4 c5 2. d4 cxd4 3. c3 dxc3 4. Nxc3 Nc6 5. Nf3 e6 6. Bc4 Bb4 7. Qc2 Nge7
8. O-O O-O 9. Rd1 Bxc3 10. Qxc3 Qa5 11. Qe3 Ne5 12. Nxe5 Qxe5 13. Rb1 f5 14.
exf5 Qxe3 15. Bxe3 Nxf5 16. Bc5 Rf6 17. Rd3 d5 18. Bb3 b6 19. Bb4 Bb7 20.
Re1 Re8 21. Bxd5 Bxd5 22. Rxd5 Rc8 23. Rd7 Rg6 24. Rxa7 Nh4 25. Kf1 Nxg2 26.
Rd1 Nf4 27. Rad7 Nh3 28. Rd8+ Kf7 29. Rxc8 Rg1+ 30. Ke2 Nf4+ 31. Kd2 Rg4 32.
Rc7+ Kg6 33. Bc3 Kh6 34. h3 Rg2 35. Rf1 Rg5 36. Kc2 Nd5 37. Rc6 Rg6 38. Bd2+
Kh5 39. a4 Rf6 40. Bc3 Ne3+ 41. fxe3 Rxf1 42. Rxe6 Ra1 43. Kb3 g5 44. Rxb6
g4 45. hxg4+ Kxg4 46. a5 h5 47. Rg6+ Kf5 48. Rd6 h4 49. Rd4 Kg5 50. Ra4 Rf1
51. a6 Rf8 52. a7 Ra8 53. Be5 h3 54. Bf4+ Kg4 55. Kb4 Kf3 56. Kb5 Kg2 57.
Kb6 h2 58. Bxh2 Kxh2 59. Kb7 Re8 60. a8=Q Rxa8 61. Kxa8 Kg3 62. Rf4 Kh3 63.
e4 Kg3 64. Rf8 Kh3 65. e5 Kg4 66. e6 Kg5 67. e7 Kh4 68. e8=Q Kg4 69. Qg6+
Kh4 70. Rh8# {Black checkmated} 1-0

[Event "ICC tourney 2848 (40 10)"]
[Site "Internet Chess Club"]
[Date "2022.03.12"]
[Round "3"]
[White "SARAFUDINOV, ANDREY:whyyoutrysohard"]
[Black "QI, JENNY:eevee11"]
[Result "1/2-1/2"]
[ICCResult "Game drawn by repetition"]
[WhiteElo "1535"]
[BlackElo "1402"]
[Opening "Neo-Grünfeld, 6.cd Nxd5, 7.O-O Nb6"]
[ECO "D76"]
[NIC "KI.80"]
[Time "15:31:31"]
[PlyCount "75"]
[TimeControl "2400+10"]

1. d4 Nf6 2. c4 g6 3. Nf3 Bg7 4. g3 d5 5. cxd5 Nxd5 6. Bg2 O-O 7. O-O Nb6 8.
Nc3 Nc6 9. d5 Nb4 10. e4 e6 11. dxe6 Bxe6 12. a3 Nc6 13. Qc2 Qe7 14. Bf4 a6
15. b4 h6 16. h4 Rfd8 17. Rab1 Nc4 18. Qc1 b5 19. Bxh6 Nxa3 20. Bg5 f6 21.
Qxa3 fxg5 22. Nxg5 Bc4 23. Nd5 Rxd5 24. exd5 Bxf1 25. Kxf1 Nd4 26. Re1 Qd6
27. Qd3 Rf8 28. Ne6 Nxe6 29. Rxe6 Qxb4 30. Qxg6 Qd4 31. f4 Qa1+ 32. Kf2 Qd4+
33. Kf1 Qa1+ 34. Ke2 Qa2+ 35. Kf1 Qa1+ 36. Kf2 Qd4+ 37. Kf1 Qa1+ 38. Kf2
{Game drawn by repetition}
1/2-1/2

[Event "ICC tourney 2848 (40 10)"]
[Site "Internet Chess Club"]
[Date "2022.03.12"]
[Round "3"]
[White "ZHUGE, KATHERINE:FlowingMelody"]
[Black "JAIN, PARINYA:StockAlpha2020"]
[Result "1-0"]
[ICCResult "Black checkmated"]
[WhiteElo "1359"]
[BlackElo "1478"]
[Opening "Ruy Lopez: closed, anti-Marshall 8.a4"]
[ECO "C88"]
[NIC "RL.18"]
[Time "15:33:30"]
[PlyCount "117"]
[TimeControl "2400+10"]

1. e4 e5 2. Nf3 Nc6 3. Bb5 a6 4. Ba4 Nf6 5. O-O b5 6. Bb3 Be7 7. Re1 O-O 8.
a4 b4 9. d3 h6 10. Nbd2 d6 11. Nf1 Bg4 12. h3 Bxf3 13. Qxf3 Nd4 14. Qd1 Nxb3
15. cxb3 c5 16. Ne3 d5 17. exd5 Nxd5 18. Nf5 Bf6 19. Qg4 Kh7 20. Qe4 Kh8 21.
Be3 Nxe3 22. Nxe3 Qd7 23. Nc4 Rad8 24. Rad1 Rfe8 25. Qf3 Qc7 26. Re4 Rd4 27.
Rde1 Red8 28. Nxe5 Bxe5 29. Rxe5 Rxd3 30. Re8+ Kh7 31. Qe4+ g6 32. Re7 R8d7
33. Qxd3 Rxe7 34. Rxe7 Qxe7 35. Qxa6 Qe1+ 36. Qf1 Qe5 37. a5 Qxb2 38. Qc4
Qa1+ 39. Kh2 Qe5+ 40. g3 Kg7 41. a6 Qc7 42. Qb5 c4 43. bxc4 Qa7 44. Kg2 Qa8+
45. Kg1 b3 46. Qb7 Qe8 47. Qxb3 Qe1+ 48. Kg2 Qe4+ 49. Kh2 Qd4 50. Qe3 Qxc4
51. a7 Qa2 52. Kg2 h5 53. Qe5+ Kh7 54. Qb8 Qd5+ 55. Kh2 Qf3 56. a8=Q Qxf2+
57. Qg2 Qf6 58. Qgb2 Qf3 59. Q8h8# {Black checkmated} 1-0

[Event "ICC tourney 2848 (40 10)"]
[Site "Internet Chess Club"]
[Date "2022.03.12"]
[Round "4"]
[White "RAM, JWALANTHI:jwalanthiram"]
[Black "Manley, Nicholas:NickManley1987"]
[Result "1-0"]
[ICCResult "Black checkmated"]
[WhiteElo "1446"]
[BlackElo "1156"]
[Opening "Giuoco Pianissimo: Italian four knights variation"]
[ECO "C55"]
[NIC "IG.01"]
[Time "17:45:23"]
[PlyCount "57"]
[TimeControl "2400+10"]

1. e4 e5 2. Nf3 Nc6 3. Bc4 Nf6 4. d3 Bc5 5. Nc3 d6 6. h3 Be6 7. Bb3 Bxb3 8.
axb3 h6 9. Na4 Bb6 10. Qe2 Qe7 11. Be3 O-O 12. O-O Nd8 13. Nxb6 cxb6 14.
Bxb6 Nc6 15. Be3 Rac8 16. Nh4 Nb4 17. Nf5 Qc7 18. c3 Nc6 19. Qf3 b6 20. Bxh6
g6 21. Bxf8 Rxf8 22. Nh6+ Kg7 23. Ng4 Nxg4 24. Qxg4 Rh8 25. f4 Qe7 26. f5
Qh4 27. f6+ Kf8 28. Qc8+ Nd8 29. Qxd8# {Black checkmated} 1-0

[Event "ICC tourney 2848 (40 10)"]
[Site "Internet Chess Club"]
[Date "2022.03.12"]
[Round "4"]
[White "Doan Giang, Nguyen Doan:Doctorstrange04"]
[Black "ERARD, ERIC CHRISTIAN:eric-erard"]
[Result "0-1"]
[ICCResult "White resigns"]
[WhiteElo "1839"]
[BlackElo "1510"]
[Opening "French: Schlechter variation"]
[ECO "C01"]
[NIC "FR.01"]
[Time "17:45:36"]
[PlyCount "96"]
[TimeControl "2400+10"]

1. e4 e6 2. d4 d5 3. Bd3 Nf6 4. e5 Nfd7 5. Ne2 c5 6. c3 Nc6 7. a3 f6 8. f4
Be7 9. O-O O-O 10. Qc2 f5 11. Qd1 b6 12. Be3 Bb7 13. Nd2 Rc8 14. Bf2 cxd4
15. cxd4 Kh8 16. Nf3 Qe8 17. Bh4 Bxh4 18. Nxh4 Qh5 19. Nf3 Rfe8 20. Nc3 Nf8
21. Nb5 Re7 22. Nd6 Rcc7 23. Rc1 Ba8 24. Bb5 Qg4 25. Ng5 Nd8 26. Qxg4 fxg4
27. Be2 h6 28. Nb5 Rxc1 29. Rxc1 Nc6 30. Bxg4 hxg5 31. fxg5 Kg8 32. Rd1 Na5
33. Rc1 Bc6 34. Nd6 Bb7 35. Bd1 Nc4 36. Nxc4 Rc7 37. Bf3 dxc4 38. Bxb7 Rxb7
39. Rxc4 Rd7 40. Kf2 Kf7 41. Ke3 Ng6 42. g3 Ne7 43. Ke4 Kg6 44. h4 Kh5 45.
Kf3 b5 46. Rb4 a6 47. a4 Nc6 48. Rb3 Nxd4+ {White resigns} 0-1